 Dungeon Crawl Stone Soup version 0.20.1-1-g8b1a95d66d (webtiles) character file.

182 toidi the Covered (level 5, -4/47 HPs)
             Began as a Minotaur Fighter on Nov 14, 2017.
             Was a Follower of Qazlal.
             Slain by Sigmund
             ... wielding a +0 scythe
              (10 damage)
             ... on level 3 of the Dungeon.
             The game lasted 00:31:09 (2387 turns).

toidi the Covered (Minotaur Fighter)                Turns: 2387, Time: 00:31:10

Health: -4/47      AC:  7    Str: 20    XL:     5   Next: 34%
Magic:  4/4        EV:  8    Int:  5    God:    Qazlal [*.....]
Gold:   105        SH: 12    Dex: 11    Spells: 4/4 levels left

rFire    . . .     SeeInvis .   a - +0 war axe
rCold    . . .     Gourm    +   c - +1 shield
rNeg     . . .     Faith    .   b - +0 scale mail
rPois    .         Spirit   .   (helmet restricted)
rElec    .         Reflect  .   (no cloak)
rCorr    .         Harm     .   (no gloves)
MR       .....                  (no boots)
Stlth    ..........             i - amulet of the gourmand
Regen    0.2/turn               t - ring of flight
MPRegen  0.1/turn               (no ring)

@: no status effects
A: retaliatory headbutt, horns 2
a: Renounce Religion, Evoke Flight


You were on level 3 of the Dungeon.
You worshipped Qazlal.
Qazlal was aware of your devotion.
You were completely stuffed.

You visited 1 branch of the dungeon, and saw 3 of its levels.

You collected 105 gold pieces.

Inventory:

Hand Weapons
 a - a +0 war axe (weapon)
 e - a +2 dagger of venom
 h - a cursed +0 hunting sling
Missiles
 s - 21 sling bullets (quivered)
Armour
 b - a +0 scale mail (worn)
 c - a +1 shield (worn)
Jewellery
 i - an amulet of the gourmand (around neck)
 t - a ring of flight (left hand)
Scrolls
 g - a scroll of immolation {unknown}
 j - a scroll of enchant armour
 k - a scroll of teleportation
 l - a scroll of identify
 p - a scroll of amnesia {unknown}
 y - a scroll of magic mapping {unknown}
Potions
 d - a potion of might
 n - a potion of flight {unknown}
 o - a potion of agility
 q - a potion of curing {unknown}
 u - a potion of ambrosia {unknown}
 x - a potion of lignification {unknown}
 z - a potion of magic {unknown}
Books
 v - a book of Minor Magic

   Spells                             Type                      Level
   a - Magic Dart                     Conjuration                  1
   b - Blink                          Translocation                2
   c - Call Imp                       Summoning                    2
   d - Slow                           Hexes                        2
   e - Conjure Flame                  Conjuration/Fire             3
   f - Mephitic Cloud                 Conjuration/Poison/Air       3
Comestibles
 f - 2 bread rations
 m - a meat ration
 r - 2 chunks of flesh
 w - a fruit
 A - a royal jelly


   Skills:
 + Level 4.3 Fighting
 + Level 3.9 Axes
 - Level 0.2 Throwing
 + Level 5.0 Armour
 + Level 1.5 Dodging
 + Level 4.6 Shields


You had 4 spell levels left.
You didn't know any spells.

Dungeon Overview and Level Annotations

Branches:
Dungeon (3/15)

Altars:
Qazlal
Xom
Yredelemnul

Annotations:
D:3 Sigmund


Innate Abilities, Weirdness & Mutations

You reflexively headbutt those who attack you in melee.
You have a pair of horns on your head.


Message History

Something hits you.
* * * LOW HITPOINT WARNING * * *
Something hits you but does no damage. You block something's attack.
Something hits you but does no damage. Something hits you but does no damage.
There's nothing to close nearby.
Something hits you but does no damage.
A giant cockroach comes into view.
There's nothing to close nearby.
Found a scroll labeled ZUOXOBRUOC.
An orc comes into view. It is wielding a short sword.
You see here a frilled lizard corpse.
There's nothing to close nearby.
There are monsters nearby!
There are monsters nearby!
There are monsters nearby!
Something hits you but does no damage. Something hits you!
You die...

..._...#.........#
.......#.........#
.......#.........#
..s!...#.^^......#
..$......^_^.....#
$......§.^^^.....
.......†.....#
............%#
.......@{...##
###....§....##
#..........#
#..........#####..
########..<.......
.................
#######..........
#..........
###......(.


You could see a giant cockroach.

Vanquished Creatures
  Jessica (D:2)
  Terence (D:2)
  Robin (D:2)
  4 adders
  An ooze (D:1)
  2 worms
  2 dart slugs
  An orc (D:3)
  3 giant cockroaches (D:2)
  10 goblins
  10 hobgoblins
  7 jackals (D:2)
  10 bats
  7 frilled lizards
  3 kobolds
  9 rats
  A plant (D:2)
73 creatures vanquished.

Notes
Turn   | Place    | Note
-------+----------+-------------------------------------------
     0 | D:1      | toidi the Minotaur Fighter began the quest for the Orb.
     0 | D:1      | Reached XP level 1. HP: 19/19 MP: 0/0
    52 | D:1      | Reached XP level 2. HP: 27/27 MP: 1/1
   371 | D:1      | Reached skill level 4 in Armour
   599 | D:1      | Reached XP level 3. HP: 33/33 MP: 2/2
   794 | D:2      | Noticed Robin
   817 | D:2      | Killed Robin
   822 | D:2      | Reached XP level 4. HP: 12/40 MP: 3/3
  1249 | D:3      | Found a stormy altar of Qazlal.
  1283 | D:3      | Became a worshipper of Qazlal Stormbringer
  1642 | D:2      | Reached skill level 1 in Dodging
  1762 | D:2      | Noticed Jessica
  1769 | D:2      | Killed Jessica
  1775 | D:2      | Noticed Terence
  1794 | D:2      | Killed Terence
  1794 | D:2      | Reached skill level 5 in Armour
  1794 | D:2      | Reached XP level 5. HP: 30/46 MP: 4/4
  2095 | D:3      | Found a shimmering altar of Xom.
  2126 | D:2      | Reached * piety under Qazlal
  2354 | D:3      | Noticed Sigmund
  2355 | D:3      | Found a basalt altar of Yredelemnul.
  2387 | D:3      | Slain by Sigmund

Skill      XL: |  1  2  3  4 |
---------------+-------------+-----
Fighting       | 4 |  4.3
Armour         | 4 5 |  5.0
Shields        | 4 |  4.6
Axes           | 3 |  3.9
Dodging        | 1 |  1.5
Throwing       | |  0.2

Action                   |  1- 3 |  4- 6 || total
-------------------------+-------+-------++-------
Melee: War axe           |    66 |    95 ||   161
       Headbutt          |    13 |    18 ||    31
Throw: Stone             |    19 |     6 ||    25
 Abil: Evoke Flight      |       |     1 ||     1
  Use: Scroll            |     1 |     2 ||     3
       Potion            |     1 |       ||     1
  Eat: Chunk             |     8 |     6 ||    14
Armor: Scale mail        |    26 |    38 ||    64
Dodge: Dodged            |    23 |    29 ||    52
Block: Shield            |    39 |    62 ||   101
